[Event "XVII Profigaia Open 2017"]
[Site "Gaia"]
[Date "2017.06.17"]
[Round "6"]
[White "Fernandes, Claudio Micael Sous"]
[Black "Alves, Damiao Fernando"]
[Result "1-0"]
[ECO "C44"]
[WhiteElo "1661"]
[BlackElo "1368"]
[Annotator "NA RC"]
[PlyCount "67"]
[EventDate "2017.??.??"]
[EventType "swiss"]
[EventCountry "POR"]
[SourceTitle "playchess.com"]
[Source "ChessBase"]
[SourceQuality "1"]
[TimeControl "5400+30"]

1. e4 e5 2. Nf3 Nc6 3. d4 exd4 4. Bc4 Bc5 5. O-O d6 6. c3 d3 7. Qxd3 Nge7 8. a4 a6 9. Na3 O-O 10. Nc2 Bg4 11. Nfd4 Ne5 12. Qg3 Bh5 13. Bb3 Ba7 14. Ne3 Bg6 15. f4 Nd3 16. f5 Bxd4 17. cxd4 Bh5 18. Ng4 Nxc1 19. Raxc1 Bxg4 20. Qxg4 d5 21. Rc3 f6 22. Rg3 Rf7 23. e5 g6 24. fxg6 Nxg6 25. Bc2 Kf8 26. Bxg6 hxg6 27. Qxg6 Ke8 28. e6 Qe7 29. exf7+ Kd7 30. Qf5+ Qe6 31. f8=N+ Rxf8 32. Rg7+ Kd6 33. Qf4+ Kc6 34. Qxc7# 1-0

[Event "XVII Profigaia Open 2017"]
[Site "Gaia"]
[Date "2017.06.17"]
[Round "6"]
[White "Pipiras, Filipa Fortuna"]
[Black "Marrios, Ruben"]
[Result "0-1"]
[ECO "D10"]
[WhiteElo "1641"]
[BlackElo "1315"]
[Annotator "NA RC"]
[PlyCount "142"]
[EventDate "2017.??.??"]
[EventType "swiss"]
[EventCountry "POR"]
[SourceTitle "playchess.com"]
[Source "ChessBase"]
[SourceQuality "1"]
[TimeControl "5400+30"]

1. d4 d5 2. c4 c6 3. e3 Bf5 4. Nc3 Nf6 5. Nf3 Nbd7 6. cxd5 cxd5 7. Qb3 Nb6 8. Bb5+ Bd7 9. Bxd7+ Qxd7 10. Ne5 Qc7 11. Qb5+ Nbd7 12. Nxd5 Nxd5 13. Qxd5 Nxe5 14. Qxe5 Qxe5 15. dxe5 g6 16. Bd2 Bg7 17. Bc3 O-O 18. Ke2 e6 19. Rhd1 Rfd8 20. Rd4 Rxd4 21. exd4 Rc8 22. Kd3 Bh6 23. a4 Kf8 24. Bb4+ Ke8 25. Bc5 b6 26. Bb4 Kd7 27. Bc3 Kc6 28. a5 b5 29. a6 Bf8 30. f4 b4 31. Bd2 Kb5 32. Be3 Rc6 33. d5 exd5 34. Bxa7 Rxa6 35. Rxa6 Kxa6 36. Be3 Kb5 37. b3 Be7 38. g4 f6 39. Bd4 f5 40. g5 Kc6 41. Ba7 Bf8 42. Kd4 Be7 43. h3 Bf8 44. Bb8 Bc5+ 45. Kd3 Kd7 46. e6+ Kxe6 47. Bc7 Bd6 48. Ba5 Bxf4 49. Bxb4 Bxg5 50. Bc3 Kd6 51. Bd4 Kc6 52. Be5 Be7 53. Bc3 h5 54. Ke3 g5 55. Kf2 Kc5 56. Ke3 f4+ 57. Kf3 d4 58. Bb2 Kd5 59. h4 Ke5 60. Bc1 g4+ 61. Kg2 Ke4 62. Bd2 Bxh4 63. b4 f3+ 64. Kf1 g3 65. b5 g2+ 66. Kg1 Bd8 67. b6 Bxb6 68. Kh2 d3 69. Kh3 g1=Q 70. Bb4 Qg4+ 71. Kh2 Qg2# 0-1

[Event "XVII Profigaia Open 2017"]
[Site "Gaia"]
[Date "2017.06.17"]
[Round "6"]
[White "Brandao, Alvaro Sousa"]
[Black "Filipe, Guilherme Castro"]
[Result "1-0"]
[ECO "A06"]
[WhiteElo "1605"]
[BlackElo "1145"]
[Annotator "NA RC"]
[PlyCount "45"]
[EventDate "2017.??.??"]
[EventType "swiss"]
[EventCountry "POR"]
[SourceTitle "playchess.com"]
[Source "ChessBase"]
[SourceQuality "1"]
[TimeControl "5400+30"]

1. Nf3 d5 2. b3 Nc6 3. Bb2 Bf5 4. e3 Nf6 5. Bb5 Qd7 6. Ne5 Qe6 7. d3 a6 8. Bxc6+ bxc6 9. Nd2 Nd7 10. Ndf3 f6 11. Nxd7 Qxd7 12. Ba3 e5 13. Bxf8 Kxf8 14. Qd2 Kf7 15. h3 Rhe8 16. g4 Bg6 17. O-O-O Rad8 18. Qe2 d4 19. h4 h6 20. h5 Bh7 21. e4 Qxg4 22. Nxe5+ fxe5 23. Qxg4 1-0

[Event "XVII Profigaia Open 2017"]
[Site "Gaia"]
[Date "2017.06.17"]
[Round "6"]
[White "Sismeiro, Miguel"]
[Black "Silva, Mariana Sofia T"]
[Result "1/2-1/2"]
[ECO "B38"]
[WhiteElo "1528"]
[BlackElo "1922"]
[Annotator "NA RC"]
[PlyCount "92"]
[EventDate "2017.??.??"]
[EventType "swiss"]
[EventCountry "POR"]
[SourceTitle "playchess.com"]
[Source "ChessBase"]
[SourceQuality "1"]
[TimeControl "5400+30"]

1. e4 c5 2. Nf3 Nc6 3. d4 cxd4 4. Nxd4 g6 5. c4 Bg7 6. Be3 Nf6 7. Nc3 O-O 8. Be2 d6 9. O-O Bd7 10. Qd2 Nxd4 11. Bxd4 Bc6 12. f3 a5 13. b3 Nd7 14. Be3 Nc5 {[%emt 0:00:08] LiveBook: 911 Games} 15. Rab1 Be5 {[%emt 0:05:42] B38: Sicilian: Maroczy Bind with 5...Bg7 and 7...0-0} (15... Qb6 16. Rfc1 Rfc8 17. Rc2 Qb4 18. Qc1 Qb6 19. Kh1 h5 20. a3 Qd8 21. Qd2 Kh7 22. Bf1 Qf8 23. b4 axb4 24. axb4 Na4 25. Ne2 {1-0 (55) Navara,D (2734)-Mamedov,R (2650) Huaian 2016}) 16. Rfc1 e6 17. Bg5 f6 18. Be3 f5 19. exf5 Rxf5 $146 ({Predecessor:} 19... gxf5 20. Nb5 Qh4 21. g3 Bxg3 22. hxg3 Qxg3+ 23. Kf1 {½-½ (42) Lehner,O (2400)-Calzetta Ruiz,M (2191) Aschach 2016}) 20. f4 Bg7 21. Bg4 Rf6 22. Rd1 Ne4 {[%emt 0:02:32] [#]} (22... Rf8 $142) 23. Nxe4 $1 Bxe4 24. Rbc1 h5 {[%emt 0:08:35] [#]} 25. Bh3 $1 d5 26. Bd4 Bh6 (26... a4 $142 27. b4 Kh8) 27. Bxf6 Qxf6 28. Qd4 $2 ({Resist} 28. cxd5 $6 Bxf4 29. Qc3 (29. Bxe6+ Kh7 $16) 29... Qg5 $16) (28. g3 $18) 28... Qxd4+ 29. Rxd4 e5 $1 30. Rxd5 Bxf4 31. Be6+ Kh8 32. Re1 Bxd5 33. Bxd5 Rb8 34. g3 Bd2 35. Rxe5 Bb4 36. Kg2 Kg7 37. h3 b6 ({Better is} 37... b5 $14) 38. Re6 g5 39. g4 h4 40. Be4 $14 Bd2 41. Kf3 Bf4 42. Bd5 Bd2 43. Be4 Bf4 44. Bd5 Bc1 45. Be4 Bf4 46. Bd5 Bc1 1/2-1/2

[Event "XVII Profigaia Open 2017"]
[Site "Gaia"]
[Date "2017.06.17"]
[Round "6"]
[White "Silva, Joao Miguel Carvalh"]
[Black "Triunfante, Armando"]
[Result "0-1"]
[ECO "C50"]
[WhiteElo "1502"]
[BlackElo "1231"]
[Annotator "NA RC"]
[PlyCount "90"]
[EventDate "2017.??.??"]
[EventType "swiss"]
[EventCountry "POR"]
[SourceTitle "playchess.com"]
[Source "ChessBase"]
[SourceQuality "1"]
[TimeControl "5400+30"]

1. e4 e5 2. Nf3 Nc6 3. Bc4 h6 4. d3 Bc5 5. Nc3 d6 6. h3 Nf6 7. Ne2 Qe7 8. Ng3 Bd7 9. c3 O-O-O 10. b4 Bb6 11. a4 a5 12. b5 Nb8 13. Qb3 Be6 14. Bxe6+ Qxe6 15. Qxe6+ fxe6 16. O-O Nbd7 17. Ba3 g5 18. d4 exd4 19. cxd4 g4 20. hxg4 Nxg4 21. Rac1 Kb8 22. Bb2 e5 23. dxe5 Ndxe5 24. Bd4 Nxf3+ 25. gxf3 Bxd4 26. fxg4 Rhg8 27. Rc4 Be5 28. Rfc1 Rd7 29. Kg2 Rxg4 30. Rh1 Bxg3 31. fxg3 d5 32. Rd4 Rxe4 33. Rxe4 dxe4 34. Rxh6 Rd4 35. Rh4 Rxa4 36. Kf2 Ka7 37. Ke3 Ra3+ 38. Kxe4 Rxg3 39. Rh6 Rb3 40. Rh5 Kb6 41. Kd4 Rxb5 42. Rxb5+ Kxb5 43. Kc3 c5 44. Kb3 b6 45. Kc3 Kc6 {[%emt 0:00:14] Kd4} 0-1

[Event "XVII Profigaia Open 2017"]
[Site "Gaia"]
[Date "2017.06.17"]
[Round "6"]
[White "Moreira, Rafael Mota"]
[Black "Duarte, Francisco"]
[Result "1-0"]
[ECO "C50"]
[WhiteElo "1478"]
[BlackElo "1154"]
[Annotator "NA RC"]
[PlyCount "95"]
[EventDate "2017.??.??"]
[EventType "swiss"]
[EventCountry "POR"]
[SourceTitle "playchess.com"]
[Source "ChessBase"]
[SourceQuality "1"]
[TimeControl "5400+30"]

1. e4 e5 2. Nf3 Nc6 3. Bc4 h6 4. Nc3 Nf6 5. d3 Bb4 6. Bd2 d6 7. Nd5 Bxd2+ 8. Qxd2 Bg4 9. Qe3 Bxf3 10. Qxf3 Nd4 11. Qd1 c6 12. Ne3 b5 13. Bb3 O-O 14. c3 Ne6 15. Nf5 d5 16. exd5 cxd5 17. Qf3 Nc5 18. Qg3 Nh5 19. Qg4 Qg5 20. Qxg5 hxg5 21. Ne7+ Kh7 22. Bxd5 Nxd3+ 23. Kd2 Rae8 24. Be4+ Kh8 25. Bxd3 Rxe7 26. Bxb5 Rd8+ 27. Kc2 Re6 28. Rad1 Red6 29. Rxd6 Rxd6 30. Rd1 Rf6 31. f3 Nf4 32. g3 Ng2 33. Rd7 Rxf3 34. Bd3 g6 35. c4 Ne1+ 36. Kd2 Nxd3 37. Rxd3 Rf2+ 38. Kc3 Rxh2 39. c5 e4 40. Rd2 Rh1 41. c6 Rc1+ 42. Rc2 Rd1 43. c7 Rd3+ 44. Kb4 Rd4+ 45. Rc4 a5+ 46. Kb5 Rd5+ 47. Rc5 Rxc5+ 48. Kxc5 1-0

[Event "XVII Profigaia Open 2017"]
[Site "Gaia"]
[Date "2017.06.17"]
[Round "6"]
[White "Ribeiro, Andre Amorim"]
[Black "Andrade Sandoval, Jim Carlos"]
[Result "0-1"]
[ECO "B40"]
[WhiteElo "1463"]
[BlackElo "1971"]
[Annotator "NA"]
[PlyCount "80"]
[EventDate "2017.??.??"]
[EventType "swiss"]
[EventCountry "POR"]
[SourceTitle "playchess.com"]
[Source "ChessBase"]
[SourceQuality "1"]
[TimeControl "5400+30"]

1. e4 c5 2. Nf3 e6 3. c3 d5 4. exd5 Qxd5 {[%emt 0:00:09] LiveBook: 1236 Games} 5. d4 Nf6 6. Be3 cxd4 7. Bxd4 {[%emt 0:00:25] B22: Sicilian: 2 c3} (7. cxd4 Bb4+ 8. Nc3 O-O 9. Be2 Nbd7 10. O-O Bxc3 11. bxc3 b6 12. Nd2 Qd6 13. Bf3 Rb8 14. c4 Bb7 15. Bxb7 Rxb7 {1-0 (36) Finkel,A (2511)-Navara,D (2725) Tallinn 2016}) 7... Nc6 8. Nbd2 Nxd4 9. Nxd4 Bd7 10. Qb3 $146 ({Predecessor:} 10. Qf3 Qxf3 11. N2xf3 Bd6 12. Bb5 Rd8 13. O-O Bxb5 14. Nxb5 Bb8 {1-0 (91) Koutsogiannis,E (1960)-Pandelidis,I (2114) Nikaia 2015}) 10... Bc5 11. N2f3 (11. Qxd5 $11 Nxd5 12. N2b3) 11... O-O ({Black should play} 11... Qe4+ $17 12. Be2 O-O) 12. Be2 (12. Qxd5 $11 {keeps the balance.} Nxd5 13. Bc4) 12... Bxd4 13. Qxd5 Bxc3+ 14. bxc3 Nxd5 15. Ne5 Ba4 16. c4 Nf4 17. g3 Nxe2 18. Kxe2 Rac8 19. Rhc1 Rfd8 20. Rab1 f6 21. Rxb7 $2 (21. Nd3 $17) 21... fxe5 22. Rxa7 {[%emt 0:00:32] [#]} Rxc4 $1 23. Rb1 (23. Rxc4 $142 Bb5 24. Ke3 Bxc4 25. a4) 23... Rd7 24. Ra5 e4 25. Ke3 Kf7 26. Rb2 Kf6 27. h4 Bd1 28. Ra3 Rc2 29. Rxc2 Bxc2 30. Ke2 Bd1+ 31. Ke3 Ke5 32. Ra5+ Rd5 33. Ra3 Rd3+ (33... g6 $142 34. Rc3 Kf5) 34. Rxd3 exd3 35. Kxd3 Kf5 36. Kd2 Ba4 37. f3 h5 38. Ke3 e5 39. a3 Bb5 40. Kf2 e4 0-1

[Event "XVII Profigaia Open 2017"]
[Site "Gaia"]
[Date "2017.06.17"]
[Round "6"]
[White "Coimbra, Joao Marcial Ferrei"]
[Black "Oliveira, Maria Elisa Ramos M"]
[Result "1-0"]
[ECO "A00"]
[WhiteElo "1402"]
[BlackElo "1137"]
[Annotator "NA RC"]
[PlyCount "85"]
[EventDate "2017.??.??"]
[EventType "swiss"]
[EventCountry "POR"]
[SourceTitle "playchess.com"]
[Source "ChessBase"]
[SourceQuality "1"]
[TimeControl "5400+30"]

1. c3 Nf6 2. d3 e6 3. Bg5 b6 4. e4 Be7 5. h3 h6 6. Bh4 d6 7. Be2 Bb7 8. Bf3 c5 9. Nd2 d5 10. e5 Nfd7 11. Bg3 f6 12. exf6 Nxf6 13. Bh5+ Kf8 14. Bg4 Kf7 15. Ngf3 Bc8 16. Ne5+ Ke8 17. Bh5+ g6 18. Bxg6+ Kf8 19. Nf7 Qd7 20. Nf3 Kg7 21. Nxh8 Kxh8 22. Be5 Kg7 23. Bh5 Kf8 24. Bg4 h5 25. Nh4 hxg4 26. hxg4 Qd8 27. g5 Ng8 28. Qf3+ Ke8 29. Qh5+ Kd7 30. f4 Nc6 31. Nf3 Qe8 32. g4 Bd6 33. Qxe8+ Kxe8 34. Bxd6 Kf7 35. Ne5+ Nxe5 36. fxe5 Kg6 37. Rh5 Bd7 38. Kd2 Be8 39. Rah1 Kf7 40. Rh8 Ne7 41. R1h7+ Kg6 42. Rxe7 Kxg5 43. Rexe8 1-0

[Event "XVII Profigaia Open 2017"]
[Site "Gaia"]
[Date "2017.06.17"]
[Round "6"]
[White "Pedroso, Manuel"]
[Black "De Moura, Fernando Alves"]
[Result "0-1"]
[ECO "A57"]
[WhiteElo "1285"]
[BlackElo "1814"]
[Annotator "NA RC"]
[PlyCount "64"]
[EventDate "2017.??.??"]
[EventType "swiss"]
[EventCountry "POR"]
[SourceTitle "playchess.com"]
[Source "ChessBase"]
[SourceQuality "1"]
[TimeControl "5400+30"]

1. d4 Nf6 2. c4 c5 3. d5 b5 4. b3 bxc4 5. bxc4 g6 6. Nc3 {A57: Benko/Volga Gambit} d6 7. Bf4 $146 ({Predecessor:} 7. e4 Bg7 8. Rb1 Nbd7 9. Nf3 Ng4 10. Bb2 Rb8 11. Nb5 Bxb2 12. Rxb2 a6 13. Nxd6+ exd6 14. Rxb8 Nxb8 {0-1 (30) Boitsov,G (2148)-Zakaryan,D (2191) Lazarevskoe 2014}) 7... Bg7 8. Rc1 O-O 9. e3 (9. e4 $11) 9... Qa5 10. Qd2 Na6 11. Nf3 Rb8 12. Be2 Bd7 13. O-O Nc7 (13... Qa3 $11) 14. h3 Qa3 {[#]} (14... Nh5 $11 {remains equal.}) 15. Rb1 $2 (15. e4 $1 $16) 15... Nh5 16. Bh2 $2 (16. Nb5 $17 Nxb5 17. cxb5) 16... Bxc3 17. Qc1 Bb2 18. Qd2 $1 $11 Bf5 19. Rbd1 Bd7 $2 (19... Nf6 $19 20. g4 Bd7) 20. e4 $2 Ba4 21. Rb1 Rb6 22. g4 Nf6 23. e5 Nd7 (23... Ne4 $142 24. Qd3 Nc3) 24. Qh6 $2 (24. exd6 {is the only way for White.} exd6 25. Bxd6 Rxd6 26. Rxb2) 24... Rfb8 25. Ng5 Nf8 26. f4 (26. Nf3 $142) 26... Bd4+ 27. Kh1 Rxb1 28. f5 Rxf1+ 29. Bxf1 Qc1 30. Kg2 Rb2+ 31. Kg3 Qe1+ 32. Kf4 Qe3# 0-1

[Event "XVII Profigaia Open 2017"]
[Site "Gaia"]
[Date "2017.06.17"]
[Round "6"]
[White "Soares, Sara Joana De Moura"]
[Black "Moura, Paulo Jorge Alves B"]
[Result "1-0"]
[ECO "B30"]
[WhiteElo "1183"]
[BlackElo "1913"]
[Annotator "NA RC"]
[PlyCount "47"]
[EventDate "2017.??.??"]
[EventType "swiss"]
[EventCountry "POR"]
[SourceTitle "playchess.com"]
[Source "ChessBase"]
[SourceQuality "1"]
[TimeControl "5400+30"]

1. e4 c5 2. Nf3 Nc6 3. Nc3 d6 4. d3 Nf6 5. Be2 g6 6. Be3 Bg7 7. O-O O-O 8. Qd2 {[%emt 0:02:45] B50: Sicilian: 2...d6, Miscellaneous} Ng4 9. h3 (9. Bg5 $11) 9... Nxe3 10. fxe3 e6 11. Rad1 $146 ({Predecessor:} 11. Rab1 d5 12. exd5 exd5 {0-1 (44) Merenyi,G (2130)-Felegyhazi,L (2306) Hungary 2009}) 11... Ne5 12. Nxe5 Bxe5 13. Bf3 a6 14. a4 Bd7 15. b3 b5 16. axb5 axb5 17. Ne2 b4 18. d4 cxd4 19. exd4 Bg7 (19... Qb6 $17) 20. Qxb4 Qc7 21. Qc3 (21. Qd2 $11) 21... Qb6 (21... Qxc3 $17 22. Nxc3 Rac8) 22. Kh1 Bb5 23. Rfe1 Rfc8 24. Qb2 $17 (24. Qb4 $11 Rxc2 25. Nc3) 1-0

[Event "XVII Profigaia Open 2017"]
[Site "Gaia"]
[Date "2017.06.17"]
[Round "6"]
[White "Amorim, Vicente Nuno Marque"]
[Black "Pinto, Pedro Jorge de Mora"]
[Result "1-0"]
[ECO "B06"]
[WhiteElo "1084"]
[BlackElo "2038"]
[Annotator "NA RC"]
[PlyCount "105"]
[EventDate "2017.??.??"]
[EventType "swiss"]
[EventCountry "POR"]
[SourceTitle "playchess.com"]
[Source "ChessBase"]
[SourceQuality "1"]
[TimeControl "5400+30"]

1. e4 g6 2. Nc3 Bg7 3. Nf3 d6 4. h3 {[%emt 0:00:18] B06: Modern Defence} c5 5. Be2 Nc6 6. d3 Nf6 7. O-O O-O 8. Be3 Bd7 9. d4 cxd4 10. Nxd4 Qb6 $146 ({Predecessor:} 10... a6 11. Qd2 Rc8 12. Rfd1 b5 13. a3 Re8 14. f3 Qc7 15. a4 b4 16. Nd5 Nxd5 17. exd5 Nxd4 18. Bxd4 Bxd4+ 19. Qxd4 {0-1 (50) Byambaa,Z (2285)-Guseinov,G (2631) Khanty-Mansiysk 2013}) 11. Ne6 Qxb2 12. Nxf8 Rxf8 13. Qd2 Ne8 ({Better is} 13... Ng4 $14 14. Bxg4 Bxc3) 14. Nd5 e6 15. Rfb1 Qe5 16. Nb4 Qxe4 17. c3 Nc7 $2 (17... b6 $11 {and Black stays safe.}) 18. Nxc6 $2 (18. Qxd6 $18 Nxb4 19. Qxd7 (19. Rxb4 Qc6 $14) 19... Bxc3 20. Qxc7) 18... Qxc6 (18... Bxc6 $11 19. f3 Qd5) 19. Rc1 Nd5 20. Bd4 Rc8 21. Bxg7 Kxg7 22. c4 Nb6 23. Qd4+ e5 24. Qd3 Be6 (24... Na4 $15) 25. c5 (25. Qa3 $11 {keeps the balance.}) 25... dxc5 26. Qg3 (26. Qc3 $17 {might work better.}) 26... f6 27. a3 (27. Qa3 $17) 27... Nd5 28. Bf3 Rd8 29. Rd1 Qc7 30. Rd2 Rd7 (30... Nf4 $19 {is more deadly.} 31. Rxd8 Qxd8) 31. Bxd5 Rxd5 32. Rxd5 Bxd5 33. Qd3 (33. Rd1 $17 Be6 34. a4) 33... Be6 34. Qe3 b5 (34... Qc6 $142 35. Re1 Bd5) 35. Qe2 {[%emt 0:02:10] [#]} (35. f4 $1 $15) 35... Qa5 $2 (35... c4 $1 $19 36. Qe3 a6) 36. Qf3 (36. f4 $11 {remains equal.}) 36... Qb6 37. a4 b4 38. a5 Qd6 39. Rd1 (39. Qb7+ $11 Qd7 40. Qxd7+ Bxd7 41. Rc1) 39... Qc7 40. a6 Bc8 41. Qd3 $2 ({White should try} 41. Qe3 $15) 41... Bxa6 $4 (41... c4 $19 {avoids the disaster.} 42. Qc2 Qc5) 42. Qxa6 c4 43. Qe6 Kh6 44. Qxf6 c3 45. Qh4+ $2 (45. Qf8+ $18 Qg7 46. Qxb4) 45... Kg7 46. Qxb4 a5 47. Qa3 Qb6 48. Qxc3 (48. Qe7+ $142 Kg8 49. Rd7 Qb1+ 50. Kh2 Qg1+ 51. Kxg1 Kh8 52. Qxh7#) 48... Qb5 49. Ra1 a4 50. Qa3 e4 51. Qxa4 Qe2 52. Qa7+ Kh6 53. Qe3+ 1-0

[Event "XVII Profigaia Open 2017"]
[Site "Gaia"]
[Date "2017.06.17"]
[Round "6"]
[White "Paiva, Rodrigo Garcia"]
[Black "Clemente, António Manuel"]
[Result "1/2-1/2"]
[ECO "C44"]
[WhiteElo "1075"]
[BlackElo "1393"]
[Annotator "NA RC"]
[PlyCount "98"]
[EventDate "2017.??.??"]
[EventType "swiss"]
[EventCountry "POR"]
[SourceTitle "playchess.com"]
[Source "ChessBase"]
[SourceQuality "1"]
[TimeControl "5400+30"]

1. e4 e5 2. Nf3 Nc6 3. d4 exd4 4. Bc4 Qe7 5. Qe2 h6 6. b3 g6 7. Bb2 Bg7 8. e5 Bxe5 9. Nxe5 Qxe5 10. Qxe5+ Nxe5 11. Bxd4 f6 12. Nd2 Kf8 13. O-O d6 14. Rfe1 Bd7 15. Re2 b6 16. Rae1 Nxc4 17. Nxc4 Rh7 18. h3 Re8 19. Rxe8+ Bxe8 20. Nd2 f5 21. c4 Re7 22. Rxe7 Nxe7 23. f4 h5 24. Kf2 Kf7 25. Kf3 Bc6+ 26. Kf2 Bb7 27. Nf3 Bxf3 28. Kxf3 Nc6 29. Bc3 a5 30. g4 hxg4+ 31. hxg4 Ke6 32. a4 d5 33. gxf5+ gxf5 34. Ke3 dxc4 35. bxc4 Kd6 36. Kd3 Kc5 37. Bd2 Ne7 38. Kc3 Ng6 39. Be3+ Kc6 40. Kb3 Nf8 41. Kc3 Ne6 42. Kb3 Nc5+ 43. Ka3 Kd6 44. Bf2 Ke6 45. Bxc5 bxc5 46. Kb3 Kf6 47. Kc3 Kg6 48. Kd3 Kh5 49. Ke3 Kg4 {Ke4} 1/2-1/2

[Event "XVII Profigaia Open 2017"]
[Site "Gaia"]
[Date "2017.06.18"]
[Round "7"]
[White "Santos, Ricardo"]
[Black "Quinta, Daniel"]
[Result "1/2-1/2"]
[ECO "B01"]
[WhiteElo "2088"]
[BlackElo "2064"]
[Annotator "NA"]
[PlyCount "48"]
[EventDate "2017.??.??"]
[EventType "swiss"]
[EventCountry "POR"]
[SourceTitle "playchess.com"]
[Source "ChessBase"]
[SourceQuality "1"]
[TimeControl "5400+30"]

1. e4 d5 2. exd5 Nf6 3. Bb5+ Bd7 4. Bxd7+ Qxd7 5. c4 c6 6. dxc6 Nxc6 7. Nf3 e5 {[%emt 0:09:05] B01: Scandinavian Defence} 8. d3 (8. O-O e4 9. Ng5 Bc5 10. Nc3 Qf5 11. Ncxe4 O-O 12. Nxc5 Qxc5 13. d3 Rad8 14. Be3 Qf5 15. Qb3 Rxd3 16. Qxb7 Ne5 17. Rfd1 Rxe3 18. fxe3 Qxg5 19. Re1 Nxc4 20. Rac1 Nxe3 21. Rc8 g6 {½-½ (21) Pandurevic,M (2240)-Vujec,I (2106) Zagreb 2012}) 8... O-O-O 9. Nc3 $146 ({Predecessor:} 9. O-O e4 10. Ne1 Bc5 11. Bg5 exd3 12. Nd2 Rhe8 13. a3 Qf5 14. Bh4 g5 15. Bg3 {0-1 (22) Bretscher,R (1672)-Strasser,J (1959) Bad Woerishofen 2009}) 9... Qf5 10. O-O Rxd3 11. Qa4 Bc5 12. Be3 e4 13. Nd2 Ng4 14. Bxc5 Qh5 $2 (14... Qxc5 $15 15. Ndxe4 Qe5) 15. h3 Rxh3 16. gxh3 Qxh3 17. Bd6 Nce5 18. Bxe5 $1 Nxe5 19. Ncxe4 Ng4 20. Nf3 Qxf3 21. Ng3 $2 (21. Qxa7 $18 Qxe4 22. Rfe1) 21... Ne3 $1 22. fxe3 Qxg3+ $18 23. Kh1 Qh3+ 24. Kg1 Qg3+ 1/2-1/2

[Event "XVII Profigaia Open 2017"]
[Site "Gaia"]
[Date "2017.06.18"]
[Round "7"]
[White "Margarido, Jose Miguel Teixeir"]
[Black "Fernandes, Claudio Micael Sous"]
[Result "1-0"]
[ECO "D11"]
[WhiteElo "2038"]
[BlackElo "1661"]
[Annotator "NA RC"]
[PlyCount "91"]
[EventDate "2017.??.??"]
[EventType "swiss"]
[EventCountry "POR"]
[SourceTitle "playchess.com"]
[Source "ChessBase"]
[SourceQuality "1"]
[TimeControl "5400+30"]

1. d4 d5 2. Nf3 Nf6 3. c4 c6 4. e3 Bg4 5. Nc3 e6 6. h3 Bh5 7. g4 Bg6 8. Ne5 {[%emt 0:00:04] D11: Slav Defence: 3 Nf3 sidelines and 3...Nf6 4 e3 Bg4} Nbd7 9. Nxg6 hxg6 10. Bg2 (10. a3 g5 11. Bd2 g6 12. Qf3 a6 13. Bd3 dxc4 14. Bxc4 b5 15. Bf1 c5 {1-0 (50) Andreikin,D (2736)-Aronian,L (2780) Wijk aan Zee 2017}) 10... Be7 11. Qe2 $146 ({Predecessor:} 11. c5 b6 12. Qa4 bxc5 13. Qxc6 O-O 14. O-O Nb6 15. Qb5 c4 {1-0 (43) Jozefek,M (2205)-Fenik,J (1750) Stara Lubovna 2014}) 11... Qc7 12. Bd2 dxc4 13. Qxc4 Nb6 14. Qe2 e5 15. Rc1 exd4 16. Nb5 Qd7 17. Nxd4 O-O 18. O-O Rfe8 19. Rfd1 Bd6 20. Be1 Qe7 21. Qc2 Rad8 22. a4 Nbd5 23. Qb3 Ne4 24. Nf3 (24. Rxc6 $5 bxc6 25. Nxc6 $14) 24... Bc5 25. a5 f5 26. g5 $2 (26. Nd2 $14 {keeps the upper hand.}) 26... Bd6 $2 (26... f4 $17 27. exf4 Kh7) 27. h4 Kh7 28. Nd2 Nc5 29. Qc4 ({White should try} 29. Qa3 $11) 29... Ne4 $2 (29... f4 $17 {and life is bright.} 30. e4 {[#]} f3 $1 31. Bxf3 Nf4) 30. Nf1 (30. Nxe4 $16 fxe4 31. Rd4) 30... f4 (30... a6 $11 {keeps the balance.}) 31. f3 {[%emt 0:01:31] [#]} Ng3 (31... Nf2 $1 $19 32. Bxf2 fxe3) 32. Bxg3 fxg3 33. Rd3 $1 Nb4 (33... b5 $17 34. axb6 axb6) 34. Rb3 c5 (34... b5 $15 35. axb6 axb6) 35. f4 Qd7 36. h5 gxh5 37. Nxg3 h4 38. Ne4 h3 (38... Qg4 $16) 39. Bf3 h2+ 40. Kxh2 Nd3 41. Rh1 Nxf4 42. exf4 Bxf4+ 43. Kg2+ Kg6 44. Qxc5 (44. Bh5+ $142 Kf5 45. Nf2 Qd5+ 46. Qxd5+ Rxd5 47. Bxe8 b6 48. axb6 axb6 49. Rxb6) 44... Rh8 45. Qg1 Qd3 46. Rxd3 1-0

[Event "XVII Profigaia Open 2017"]
[Site "Gaia"]
[Date "2017.06.18"]
[Round "7"]
[White "Silva, Mariana Sofia T"]
[Black "Moreira, Rafael Mota"]
[Result "1-0"]
[ECO "C45"]
[WhiteElo "1922"]
[BlackElo "1478"]
[Annotator "NA RC"]
[PlyCount "121"]
[EventDate "2017.??.??"]
[EventType "swiss"]
[EventCountry "POR"]
[SourceTitle "playchess.com"]
[Source "ChessBase"]
[SourceQuality "1"]
[TimeControl "5400+30"]

1. e4 e5 2. Nf3 Nc6 3. d4 exd4 4. Nxd4 Bc5 5. Be3 Bxd4 {[%emt 0:05:50] LiveBook: 17 Games} 6. Bxd4 Nxd4 7. Qxd4 Qf6 8. c3 (8. e5 $5 Qb6 9. Qxb6 axb6 10. f4 $14) 8... d6 {[%emt 0:12:46] C45: Scotch Game} 9. g3 $146 ({Predecessor:} 9. Na3 a6 10. Nc4 Qxd4 11. cxd4 Ne7 12. Rc1 Be6 13. d5 Bd7 14. Na5 O-O-O 15. Rc3 Rde8 16. Kd2 {1-0 (37) Berg,E (2348)-Socko,B (2543) Stockholm 1999}) 9... Qxd4 10. cxd4 Nf6 11. Bg2 O-O 12. O-O c5 13. Rd1 Rb8 14. Nc3 a6 15. dxc5 dxc5 16. Na4 Nd7 17. Rac1 b6 ({Black should play} 17... c4 $1 $14) 18. Rd6 Rd8 $2 (18... g5 $16 19. b3 g4) 19. Bh3 Kf8 {[%emt 0:01:33] [#]} 20. Bxd7 $2 (20. e5 $1 $18 {[%mdl 512] has better winning chances.}) 20... Rxd7 21. Rxb6 Rxb6 22. Nxb6 Rc7 23. a3 Be6 24. Na4 c4 25. b3 c3 {[%emt 0:03:01] [#]} (25... Rc8 $16) 26. b4 $1 ({Don't play} 26. Rxc3 $6 Rxc3 27. Nxc3 Bxb3 $16) ({Don't take} 26. Nxc3 $6 Bxb3 27. Ne2 Rd7 $16) 26... Rc4 27. Nxc3 ({Don't play} 27. Rxc3 $6 Rxe4 28. Nc5 Re1+ 29. Kg2 Bd5+ 30. f3 Re2+ 31. Kg1 Be6) 27... Ke7 28. f3 Kf6 29. Kf2 Ke5 30. Ke3 f5 31. exf5 Kxf5 32. Ne2 Rxc1 33. Nxc1 Bc4 34. Nd3 Bb5 35. Kd4 g5 36. Nc5 h5 37. a4 Be2 38. Ke3 Bf1 39. Ne4 g4 40. f4 Bg2 41. Nc5 Bf1 42. Kd4 h4 43. Nd3 Be2 44. b5 Bf3 45. b6 hxg3 46. hxg3 Kf6 47. Nc5 Ke7 48. b7 Bxb7 49. Nxb7 Kd7 50. Nc5+ Kc6 51. f5 a5 {[%emt 0:00:04] [#]} 52. Nb7 $1 Kd7 53. Kd5 Kc7 54. Ke6 Kb6 55. f6 Kc6 56. f7 Kb6 57. f8=Q Ka6 58. Nc5+ Kb6 59. Qd6+ (59. Qc8 $142 Ka7 60. Qb7#) 59... Ka7 60. Qc7+ Ka8 61. Qb7# 1-0